 Dungeon Crawl Stone Soup version 0.28.0-53-g5a82cb258f (webtiles) character file.

Game seed: 9672983445330268935

648492 MiltankisOP the Impregnable (level 27, -28/190 HPs)
             Began as a Gargoyle Fighter on July 13, 2022.
             Was the Champion of Jiyva.
             Killed from afar by an ancient lich (58 damage)
             ... with a crystal spear
             ... on level 5 of the Vaults.
             The game lasted 03:33:35 (67342 turns).

MiltankisOP the Impregnable (Gargoyle Fighter)     Turns: 67342, Time: 03:33:36

Health: -28/190    AC: 49    Str: 24 (25) XL:     27
Magic:  33/33      EV: 16    Int: 20      God:    Jiyva [******]
Gold:   4362       SH: 33    Dex: 15 (17) Spells: 26/26 levels left

rFire   + + +      SeeInvis +   Q - +6 demon trident (elec)
rCold   + + +      Faith    .   A - +7 tower shield of Xoula {Int+4 SInv Stlth+}
rNeg    + + .      Spirit   .   g - +3 gold dragon scales
rPois   ∞          Reflect  +   i - +4 hat "Daquok" {Will++ Regen+}
rElec   +          Harm     .   a - scarf {rC+ rF+}
rCorr   +          Rampage  .   M - +2 pair of gloves {infuse}
Will    ++++.                   (no boots)
Stlth   ..........              I - amulet of reflection
HPRegen 2.81/turn               c - ring "Boh Gahy" {rC++ rN+}
MPRegen 0.73/turn               b - ring of Pride {rF+ rCorr EV+4}

@: corroded, flying
A: sickness immunity, AC +20, big wings, negative energy resistance 1,
electricity resistance, torment resistance 1, petrification resistance, hooves
1, iridescent scales 1, agile 1, clever 2, deformed body, deterioration 2,
subdued magic 1, engulf
}: 3/15 runes: barnacled, abyssal, gossamer
a: Renounce Religion, Oozemancy, Slimify


You were on level 5 of the Vaults.
You worshipped Jiyva.
Jiyva was exalted by your worship.
You visited 12 branches of the dungeon, and saw 55 of its levels.
You visited the Abyss 1 time.
You also visited: Trove, Ossuary, Ice Cave and Volcano.

You collected 5545 gold pieces.
You spent 1183 gold pieces at shops.

Inventory:

Hand Weapons
 t - the +8 spear of the End {spect, rF+ Str+5}
   (You found it on level 4 of the Dungeon)

   When its wielder attacks, the weapon's spirit leaps out and strikes again.
   The spirit shares a part of any damage it takes with its wielder.
   Str:       It affects your strength (+5).
   rF:        It protects you from fire.
 O - a +9 demon trident of venom
 Q - a +6 demon trident of electrocution (weapon)
Missiles
 N - 4 throwing nets
 X - 21 javelins (quivered)
 Y - 9 silver javelins
Armour
 a - a scarf of resistance (worn)
 g - +3 gold dragon scales (worn)
 i - the +4 hat "Daquok" (worn) {Will++ Regen+}
   (You acquired it on level 9 of the Dungeon)

   Regen:     It increases your rate of health regeneration.
   Will:      It greatly increases your willpower.
 y - a +4 plate armour
 A - the +7 tower shield of Xoula (worn) {Int+4 SInv Stlth+}
   (Okawaru gifted it to you on level 11 of the Dungeon)

   Int:       It affects your intelligence (+4).
   SInv:      It lets you see invisible.
   Stlth:     It makes you more stealthy.
 M - a +2 pair of gloves of infusion (worn)
 R - the +6 chain mail of Gallantry {+Inv}
   (You found it on level 1 of the Depths)

   +Inv:      It lets you turn invisible.
 Z - the +3 pair of seven-league boots {Rampage+∞}
   (Okawaru gifted it to you on level 3 of the Depths)

   Its wearer moves as far as possible in that direction when moving towards
   enemies.
Jewellery
 b - the ring of Pride (right hand) {rF+ rCorr EV+4}
   (You took it off a deep elf elementalist on level 3 of the Elven Halls)

   [ring of evasion]

   EV:        It affects your evasion (+4).
   rF:        It protects you from fire.
   rCorr:     It protects you from acid and corrosion.
 c - the ring "Boh Gahy" (left hand) {rC++ rN+}
   (You found it on level 3 of the Depths)

   [ring of positive energy]

   rC:        It greatly protects you from cold.
   rN:        It protects you from negative energy.
 n - the ring of Happiness {Str+3 Int+6}
   (You found it on level 3 of the Depths)

   [ring of intelligence]

   Str:       It affects your strength (+3).
   Int:       It affects your intelligence (+6).
 r - the ring "Mesiwn" {rCorr Int+6}
   (You found it on level 3 of the Depths)

   [ring of intelligence]

   Int:       It affects your intelligence (+6).
   rCorr:     It protects you from acid and corrosion.
 v - the ring "Varphimm" {MP+9 AC+4 Int-5 Dex+2}
   (You found it in an ice cave)

   [ring of protection]

   AC:        It affects your AC (+4).
   Int:       It affects your intelligence (-5).
   Dex:       It affects your dexterity (+2).
   MP:        It affects your magic capacity (+9).
 I - an amulet of reflection (around neck)
 P - a ring of protection from fire
Wands
 w - a wand of flame (11)
 E - a wand of acid (22)
 F - a wand of iceblast (32)
 K - a wand of digging (8)
 L - a wand of mindburst (14)
Scrolls
 e - 3 scrolls of identify
 h - 14 scrolls of teleportation
 o - 4 scrolls of fear
 p - 11 scrolls of magic mapping
 s - 3 scrolls of torment
 B - 7 scrolls of blinking
 C - 5 scrolls of fog
 H - 3 scrolls of silence
 J - 7 scrolls of amnesia
 W - 4 scrolls of holy word
Potions
 d - 6 potions of might
 f - 3 potions of heal wounds
 j - 6 potions of brilliance
 k - 4 potions of cancellation
 l - 2 potions of berserk rage
 m - 18 potions of curing
 q - 5 potions of haste
 x - 2 potions of mutation
 z - 4 potions of invisibility
 D - 4 potions of magic
 G - 3 potions of ambrosia
 V - 2 potions of resistance
Miscellaneous
 u - a tin of tremorstones (2/2)
 S - a condenser vane (inert)
 T - a phantom mirror


   Skills:
 + Level 24.0 Fighting
 - Level 4.7 Maces & Flails
 - Level 22.0 Polearms
 - Level 12.8 Throwing
 - Level 24.1 Armour
 - Level 16.3 Dodging
 - Level 2.0 Stealth
 - Level 19.5 Shields
 - Level 14.0 Invocations
 - Level 11.2 Evocations


You had 26 spell levels left.
You didn't know any spells.
Your spell library contained the following spells:

 Spells                   Type           Power      Damage    Failure   Level
 Animate Skeleton         Necr           0%         N/A       99%         1
 Apportation              Tloc           0%         N/A       99%         1
 Beastly Appendage        Tmut           0%         N/A       99%         1
 Magic Dart               Conj           0%         1d3       99%         1
 Pain                     Necr           0%         1d4       99%         1
 Slow                     Hex            0%         N/A       99%         1
 Sting                    Tmut/Pois      0%         1d3       99%         1
 Blink                    Tloc           0%         N/A       99%         2
 Corpse Rot               Necr/Air       0%         N/A       99%         2
 Passwall                 Tmut/Erth      0%         N/A       99%         2
 Poisonous Vapours        Pois/Air       0%         N/A       99%         2
 Searing Ray              Conj           0%         2d4       99%         2
 Static Discharge         Conj/Air       0%         N/A       99%         2
 Wereblood                Tmut           0%         N/A       99%         2
 Call Canine Familiar     Summ           0%         N/A       100%        3
 Confusing Touch          Hex            0%         N/A       100%        3
 Conjure Flame            Conj/Fire      0%         6-21      100%        3
 Dazzling Flash           Conj/Hex       0%         N/A       100%        3
 Frozen Ramparts          Ice            0%         1d2       100%        3
 Lesser Beckoning         Tloc           0%         N/A       100%        3
 Mephitic Cloud           Conj/Pois/Air  0%         N/A       100%        3
 Portal Projectile        Hex/Tloc       0%         N/A       100%        3
 Stone Arrow              Conj/Erth      0%         3d7       100%        3
 Tukima's Dance           Hex            0%         N/A       100%        3
 Vampiric Draining        Necr           0%         2d6       100%        3
 Anguish                  Hex/Necr       0%         N/A       100%        4
 Animate Armour           Summ/Erth      0%         N/A       100%        4
 Fulminant Prism          Conj/Hex       0%         3d6       100%        4
 Ice Form                 Ice/Tmut       0%         N/A       100%        4
 Iskenderun's Mystic Bla  Conj/Tloc      0%         2d3       100%        4
 Leda's Liquefaction      Hex/Erth       0%         N/A       100%        4
 Olgreb's Toxic Radiance  Pois           0%         N/A       100%        4
 Passage of Golubria      Tloc           0%         N/A       100%        4
 Petrify                  Tmut/Erth      0%         N/A       100%        4
 Summon Ice Beast         Ice/Summ       0%         N/A       100%        4
 Alistair's Intoxication  Tmut/Pois      0%         N/A       100%        5
 Borgnjor's Vile Clutch   Necr/Erth      0%         N/A       100%        5
 Fireball                 Conj/Fire      0%         3d3       100%        5
 Freezing Cloud           Conj/Ice/Air   0%         6-21      100%        5
 Irradiate                Conj/Tmut      0%         3d13      100%        5
 Iskenderun's Battlesphe  Conj           0%         2d6       100%        5
 Lightning Bolt           Conj/Air       0%         1d11      100%        5
 Manifold Assault         Tloc           0%         N/A       100%        5
 Silence                  Hex/Air        0%         N/A       100%        5
 Conjure Ball Lightning   Conj/Air       0%         3x3d6     100%        6
 Iron Shot                Conj/Erth      0%         9d1       100%        6
 Simulacrum               Ice/Necr       0%         N/A       100%        6
 Starburst                Conj/Fire      0%         6d3       100%        6
 Enfeeble                 Hex            0%         N/A       100%        7
 Malign Gateway           Summ/Tloc      0%         N/A       100%        7
 Orb of Destruction       Conj           0%         9d5       100%        7
 Ozocubu's Refrigeration  Ice            0%         4d5       100%        7
 Storm Form               Tmut/Air       0%         N/A       100%        7
 Summon Hydra             Summ           0%         N/A       100%        7
 Borgnjor's Revivificati  Necr           0%         N/A       100%        8
 Ignition                 Fire           0%         3d3       100%        8
 Infestation              Necr           0%         N/A       100%        8
 Lehudib's Crystal Spear  Conj/Erth      0%         10d2      100%        8
 Maxwell's Capacitive Co  Air            0%         ∞         100%        8
 Summon Horrible Things   Summ           0%         N/A       100%        8
 Chain Lightning          Conj/Air       0%         N/A       100%        9
 Fire Storm               Conj/Fire      0%         5d1       100%        9
 Polar Vortex             Ice            0%         N/A       100%        9
 Shatter                  Erth           0%         3d5*      100%        9
 Sublimation of Blood     Necr           Unusable   N/A       N/A         2
 Statue Form              Tmut/Erth      Unusable   N/A       N/A         6

Dungeon Overview and Level Annotations

Branches:
Dungeon (15/15)            Temple (1/1) D:4            Lair (6/6) D:11
 Shoals (4/4) Lair:2       Spider (4/4) Lair:3        Slime (5/5) Lair:5
    Orc (2/2) D:9             Elf (3/3) Orc:2        Vaults (5/5) D:14
  Crypt (1/3) Vaults:3     Depths (4/4) D:15            Zot (5/5) Depths:4
Ossuary (visited)           IceCv (visited)         Volcano (visited)

Altars:
Ashenzari
Cheibriados
Dithmenos
Elyvilon
Fedhas
Gozag
Hepliaklqana
Kikubaaqudgha
Makhleb
Nemelex Xobeh
Okawaru
Qazlal
Ru
Sif Muna
Trog
Uskayaw
Vehumet
Wu Jian
Xom
Yredelemnul
Zin
The Shining One
Beogh
Jiyva

Shops:
D:1 (   D:9 :   D:12 [   D:14 (   Orc:2 :*:!*((   Elf:2 (   Elf:3 ?
Shoals:3 *   Vaults:1 [   Depths:4 =

Portals:
Hell: Depths:1 Depths:2 Depths:3 Depths:4
Abyss: Depths:1 Depths:3
Pandemonium: Depths:1 Depths:2 Depths:3 Depths:4
Ziggurat: Depths:2

Annotations:
Lair:4 1 runed translucent door, DocClef's ghost, journeyman GnIE
Spider:3 exclusion: obsidian statue
Vaults:5 Jory


Innate Abilities, Weirdness & Mutations

You are immune to sickness and miasma.
Your stone body is resilient. (AC +20)
You are immune to poison.
Your large and strong wings let you fly.
You resist negative energy. (rN+)
You are resistant to electric shocks. (rElec)
You are resistant to unholy torment.
You are immune to petrification.
You have large cloven feet.
You are partially covered in iridescent scales. (AC +2)
You are agile. (Dex +2)
Your mind is very acute. (Int +4)
Armour fits poorly on your strangely shaped body.
Your body often deteriorates upon taking damage.
Your spells are a little easier to cast, but a little less powerful.
Your melee attacks may engulf your foes in ooze.


Message History

You miss the Executioner.
You kick the Executioner, but do no damage.
You block the Executioner's attack. x2; The Executioner misses you.
The dread lich touches you but does no damage.
You block the Executioner's attack. x2; The Executioner closely misses you.
Something's life force is offered up.
Activating: Oozemancy (0% risk of failure)
Press: ? - help, Dir - look around, f - activate
Okay, then.
The Executioner completely misses you. You block the Executioner's attack. x2
The ancient lich casts a spell at you. The bolt of acid hits you! You resist.
The acid corrodes you!
The dread lich gestures at you while chanting.
You resist with almost no effort.
The deep elf high priest calls down the wrath of its god upon you.
The sphere of damnation explodes!
The damnation engulfs you!! The ancient lich casts a spell at you.
The crystal spear hits you!!!
* * * LOW HITPOINT WARNING * * *
Your body deteriorates!
You feel clumsy.
You shudder from the blast and a jelly pops out!
You feel much better.
The dread lich touches your quicksilver ooze!
The ancient lich touches you but does no damage.
The Executioner hits your quicksilver ooze!
The Executioner hits your quicksilver ooze. x2
Found 14 bolts.
The Executioner completely misses your quicksilver ooze.
The Executioner hits your quicksilver ooze. x2
Your quicksilver ooze hits the Executioner!
Your quicksilver ooze hits the Executioner.
The Executioner's magic leaks into the air.
The dread lich touches your quicksilver ooze!!
Your quicksilver ooze dies!
Your quicksilver ooze dissolves into a puddle of slime!
The deep elf high priest utters an invocation to its god.
The deep elf high priest begins emitting a brilliant aura!
The ancient lich casts a spell at you. The crystal spear hits you!!!
You die...

############
#...........
#..........(
#...@############
#.....L.........#
#..#..1L.......#..
#..#.).e...)./#e..
#..#.........#.p2#
#..#........#...#
#..#.......#...##
#..#......#...##
#..#.)...#...##


You could see an ancient lich (fast, empowered, invisible), a dread lich (fast,
strong, empowered), an Executioner (summoned, fast, magic disrupted) and a deep
elf high priest (brilliance aura).

Vanquished Creatures
  6 dread liches (Zot:5)
  5 orbs of fire
  Mennas (Depths:4)
  5 ancient liches
  Mara (Elf:3)
  A juggernaut (Depths:3)
  Boris (Vaults:3)
  Margery (Arena)
  2 Killer Klowns (Zot:5)
  A shard shrike (IceCv)
  Bai Suzhen (Vaults:2)
  Saint Roka (Vaults:3)
  2 caustic shrikes
  3 curse toes
  Arachne (Spider:3)
  4 golden dragons
  3 bone dragons
  3 electric golems
  The ghost of cbfl8 the Hoplite, an adept MiBe of Trog (Vaults:2)
  10 tentacled monstrosities
  A walking crystal tome (Depths:3)
  25 Orb Guardians (Zot:5)
  18 titans
  Mlioglotl (Arena)
  4 liches
  A walking divine tome (Depths:3)
  7 deep elf blademasters
  Asterion (Elf:1)
  A walking earthen tome (Depths:3)
  11 deep elf master archers
  9 death cobs
  3 acid blobs
  10 quicksilver dragons
  Gastronok (Lair:3)
  Agnes (Spider:3)
  A kraken (Shoals:2)
  6 tentacled starspawn
  3 sphinxes
  5 shadow dragons
  12 storm dragons
  4 tengu reavers
  An azure jelly (Slime:1)
  Donald (Shoals:3)
  A rockslime (Slime:1)
  5 draconian monks
  6 deep elf sorcerers (Elf:3)
  4 draconian knights
  2 balrugs (Depths:1)
  7 emperor scorpions
  22 fire giants
  An iron dragon (Depths:3)
  Aizul (Vaults:3)
  10 vault wardens
  7 ghost moths
  23 frost giants
  3 ghouls (Crypt:1)
  4 orc warlords
  12 draconian scorchers
  7 draconian annihilators
  2 quicksilver oozes (Slime:1)
  9 deep elf elementalists
  A war gargoyle (Vaults:2)
  9 draconian stormcallers
  12 draconian shifters
  41 very ugly things
  6 broodmothers
  15 ironbound preservers
  20 stone giants
  7 spriggan defenders
  5 vampire knights
  4 ironbound thunderhulks
  20 green draconians
  12 deep elf annihilators
  10 black draconians
  26 dire elephants
  12 purple draconians
  9 deep elf demonologists
  8 entropy weavers
  Azrael (Orc:2)
  14 white draconians
  6 spark wasps
  11 yellow draconians
  17 red draconians
  Snorg (Lair:4)
  2 blizzard demons (Abyss:1)
  8 merfolk impalers
  8 deep elf death magi
  5 crystal guardians (Elf:3)
  3 fire dragons
  11 ettins
  4 merfolk javelineers
  The ghost of Inaletwe the Grappler, a journeyman TrMo of Zin (Lair:2)
  A green death (Abyss:1)
  Josephine (Orc:1)
  7 deep elf high priests
  7 yaktaur captains
  8 hydras
  7 rakshasas
  8 boulder beetles
  11 great orbs of eyes
  2 hell beasts (Depths:4)
  8 ice dragons
  12 centaur warriors
  34 vault guards
  3 catoblepae
  7 spriggan air magi
  A spriggan skeleton (Depths:1)
  6 ironbound frosthearts
  4 merfolk avatars
  4 radroaches
  4 ogre magi
  5 merfolk aquamancers
  2 satyrs
  31 dancing weapons
  2 ghost crabs (Spider:4)
  14 death yaks
  5 deep troll earth magi
  14 two-headed ogres
  5 tengu warriors
  6 orc high priests
  11 spriggan berserkers
  5 deep troll shamans
  2 vampire magi (Depths:2)
  5 thrashing horrors
  27 deep elf knights
  4 hell hogs (Depths:4)
  9 sun demons
  20 hell knights
  2 wretched stars (Abyss:3)
  3 soul eaters (Depths:4)
  A fire crab (Volcano)
  3 skeletal warriors (D:12)
  A sixfirhy (Abyss:1)
  14 starcursed masses (Abyss:3)
  10 iron trolls
  4 pharaoh ants
  A shadow wraith (Abyss:1)
  A deep troll (shapeshifter) (Depths:2)
  A spatial maelstrom (Abyss:1)
  A spectral anaconda (Lair:6)
  7 orb spiders
  An orange crystal statue (IceCv)
  A kraken simulacrum (Shoals:4)
  22 deep elf archers
  10 sea snakes
  46 deep trolls
  4 glowing orange brains
  30 harpies
  19 ironbound convokers
  3 flayed ghosts (Depths:2)
  2 steelbarb worms
  4 phantasmal warriors
  7 wizards
  17 orc knights
  An obsidian statue (Lair:6)
  11 lindwurms
  45 deep elf pyromancers
  38 deep elf zephyrmancers
  10 necromancers
  A sphinx skeleton (Depths:1)
  30 wolf spiders
  9 orc sorcerers
  A frost giant zombie (Crypt:1)
  5 fauns
  16 manticores
  2 shining eyes
  26 elephants
  5 large abominations
  60 ugly things
  6 cyclopes
  A worldbinder (Abyss:1)
  28 moths of wrath
  Joseph (D:7)
  2 guardian serpents (Depths:3)
  An eye of devastation (Slime:3)
  An apocalypse crab (Abyss:1)
  14 vault sentinels
  A stone giant skeleton (Crypt:1)
  9 cane toads
  2 molten gargoyles (Volcano)
  4 torpor snails
  7 water nymphs
  8 black mambas
  17 merfolk sirens
  4 orange demons
  5 unseen horrors
  5 smoke demons
  A naga zombie (Abyss:1)
  A dire elephant skeleton (Lair:6)
  4 demonic crawlers
  A kobold demonologist (D:13)
  An unseen horror (shapeshifter) (Abyss:1)
  9 komodo dragons
  15 rime drakes
  3 freezing wraiths
  An efreet (D:15)
  32 yaktaurs
  6 guardian mummies (Crypt:1)
  6 tengu conjurers
  A hellwing (Depths:4)
  3 harpy zombies (Shoals:1)
  21 polar bears
  7 trolls
  A yaktaur skeleton (Vaults:1)
  24 merfolk
  A queen bee (Lair:2)
  9 meliai
  10 hornets
  9 wind drakes
  34 tarantellas
  6 blink frogs
  47 slime creatures
  10 snapping turtles
  4 tyrant leeches (Spider:4)
  6 dream sheep (Lair:5)
  2 tarantellas (shapeshifter) (D:15)
  4 spectral elephants (Lair:6)
  Prince Ribbit (D:8)
  An ettin zombie (Abyss:1)
  23 flying skulls
  2 meliai zombies (D:11)
  34 jumping spiders
  A stone giant simulacrum (Crypt:1)
  Sigmund (D:5)
  A shadow (D:11)
  18 water elementals
  3 air elementals (Elf:3)
  28 culicivoras
  4 fire elementals
  46 yaks
  A vampire (D:11)
  3 ynoxinuls
  8 spriggans
  11 wraiths
  5 wyverns
  An ettin skeleton (Abyss:1)
  A dire elephant simulacrum (Lair:6)
  9 humans (D:14)
  10 fire bats (Volcano)
  Grum (Lair:1)
  6 basilisks
  3 chaos spawn
  A neqoxec (Depths:1)
  2 steam dragons
  79 redbacks
  10 vampire mosquitoes
  2 golden eyes (Slime:2)
  A death yak simulacrum (Lair:6)
  5 wargs
  A spectral cane toad (Lair:6)
  12 water moccasins
  5 hell hounds
  6 small abominations
  42 orc warriors
  4 floating eyes
  4 sky beasts
  A spriggan simulacrum (Depths:1)
  6 black bears
  3 manticore zombies (Shoals:1)
  18 wolves
  A black mamba simulacrum (Crypt:1)
  8 ogres
  An elephant skeleton (Lair:6)
  14 necrophages
  12 centaurs
  2 elf zombies
  A phantom (D:6)
  3 kobold brigands
  15 bullfrogs
  Blork the orc (D:6)
  4 earth elementals
  A cane toad simulacrum (Lair:6)
  5 scorpions
  A water moccasin zombie (D:5)
  A wyvern skeleton (D:7)
  A hornet simulacrum (D:15)
  5 elephant simulacra (Lair:6)
  A human simulacrum (Vaults:1)
  10 killer bees
  6 wights
  A howler monkey (D:7)
  6 jellies
  7 centaur zombies
  4 human zombies
  6 lava snakes (Volcano)
  8 hounds
  22 orc priests
  3 centaur skeletons
  3 iguanas
  A gnoll shaman (D:9)
  A human skeleton (Crypt:1)
  21 orc wizards
  4 hell rats (Lair:1)
  A hound skeleton (D:5)
  3 mummies
  5 adders
  3 gnolls (D:9)
  3 river rats (Lair:1)
  2 shadow imps
  3 white imps
  3 ufetubi
  2 adder zombies (Ossuary)
  A worm (D:2)
  2 dart slugs (D:1)
  80 orcs
  6 ball pythons
  A bat zombie (Shoals:1)
  3 endoplasms
  4 giant cockroaches
  7 goblins
  9 hobgoblins
  3 quokkas
  3 bats
  2 frilled lizards
  12 hobgoblin zombies (Ossuary)
  10 kobolds
  10 kobold zombies (Ossuary)
  7 orc zombies (Ossuary)
  14 rats
  2 rat zombies (Ossuary)
  4 starspawn tentacles
  A tentacle (Shoals:4)
2597 creatures vanquished.

Vanquished Creatures (collateral kills)
  An orc (Vaults:3)
1 creature vanquished.

Vanquished Creatures (others)
  A deep elf blademaster (Vaults:2)
  A death cob (Zot:4)
  3 great orbs of eyes
  A sphinx (Vaults:4)
  A fire giant (Depths:1)
  A draconian scorcher (Zot:2)
  A ghost moth (Zot:5)
  A yaktaur captain (Vaults:5)
  A peacekeeper (Vaults:2)
  3 deep elf knights
  A glowing orange brain (Vaults:4)
  A deep troll (Vaults:4)
  A wizard (Vaults:2)
  A deep elf archer (Vaults:1)
  2 ironbound convokers (Vaults:2)
  An orb spider (shapeshifter) (Vaults:5)
  3 deep elf pyromancers
  2 ugly things (Vaults:2)
  A faun (shapeshifter) (Abyss:3)
  A manticore (Shoals:4)
  A glowing shapeshifter (Vaults:5)
  A moth of wrath (Zot:2)
  3 vault sentinels
  A yaktaur (Vaults:4)
  A tyrant leech (Spider:4)
  A tyrant leech (shapeshifter) (Vaults:5)
  A slime creature (shapeshifter) (Vaults:5)
  34 slime creatures
  A wraith (Abyss:3)
  A human (D:14)
  A redback (Vaults:2)
  2 small abominations
  A quasit (Abyss:1)
  139 jellies
  An orc wizard (Orc:1)
  An ufetubus (Abyss:1)
  62 fungi
  104 plants
  10 starspawn tentacles
  15 tentacles
  16 withered plants
425 creatures vanquished.

Grand Total: 3023 creatures vanquished

Notes
Turn   | Place    | Note
-------+----------+-------------------------------------------
     0 | D:1      | MiltankisOP the Gargoyle Fighter began the quest for the
                  | Orb.
     0 | D:1      | Reached XP level 1. HP: 14/14 MP: 1/1
   103 | D:1      | Reached XP level 2. HP: 19/19 MP: 2/2
   718 | D:1      | Found Xaarchua's Antique Weapon Shop.
   734 | D:1      | Reached XP level 3. HP: 23/23 MP: 3/3
  1316 | D:2      | Noticed an ogre
  1841 | D:3      | Reached XP level 4. HP: 28/28 MP: 4/4
  2718 | D:4      | Noticed a necrophage
  2729 | D:4      | Killed a necrophage
  2730 | D:4      | Reached XP level 5. HP: 27/34 MP: 5/5
  2808 | D:4      | Found a staircase to the Ecumenical Temple.
  2846 | D:4      | Reached skill level 5 in Fighting
  2846 | D:4      | Reached XP level 6. HP: 38/40 MP: 6/6
  2848 | Temple   | Entered the Ecumenical Temple
  2917 | Temple   | Became a worshipper of Warmaster Okawaru
  3206 | D:4      | Identified the +8 spear of the End {spect, rF+ Str+5}
  3303 | D:4      | Found a basalt altar of Yredelemnul.
  3824 | D:4      | Found a glowing golden altar of the Shining One.
  3909 | D:5      | Entered Level 5 of the Dungeon
  3946 | D:5      | Reached XP level 7. HP: 47/47 MP: 7/7
  4135 | D:5      | Reached * piety under Okawaru
  4367 | D:5      | Noticed Sigmund
  4370 | D:5      | Killed Sigmund
  4371 | D:5      | Reached XP level 8. HP: 56/56 MP: 8/8
  4539 | D:5      | Reached ** piety under Okawaru
  4872 | D:6      | Noticed Blork the orc
  4872 | D:6      | You fall into a shaft and drop 1 floor!
  4927 | D:7      | Reached skill level 5 in Armour
  4927 | D:7      | Reached skill level 5 in Shields
  5045 | D:7      | Reached XP level 9. HP: 50/60 MP: 7/9
  5176 | D:7      | Found a sand-covered staircase.
  5333 | D:7      | Reached *** piety under Okawaru
  5416 | Ossuary  | Entered an ossuary
  5702 | D:7      | Reached **** piety under Okawaru
  5712 | D:7      | Noticed Joseph
  5720 | D:7      | Killed Joseph
  5721 | D:7      | Reached XP level 10. HP: 58/66 MP: 8/10
  6683 | D:6      | Killed Blork the orc
  6684 | D:6      | Reached skill level 1 in Invocations
  7233 | D:8      | Found an ornate altar of the Wu Jian Council.
  7243 | D:8      | Noticed Prince Ribbit
  7256 | D:8      | Killed Prince Ribbit
  7337 | D:8      | Found a shadowy altar of Dithmenos.
  7354 | D:8      | Noticed a two-headed ogre
  7363 | D:8      | Killed a two-headed ogre
  7363 | D:8      | Reached ***** piety under Okawaru
  7595 | D:8      | Killed an unseen horror
  7707 | D:8      | Noticed a phantasmal warrior
  7732 | D:8      | Killed a phantasmal warrior
  7892 | D:8      | Noticed a death knight
  8149 | D:9      | Found Haseogg's Book Emporium.
  8270 | D:9      | Found a staircase to the Orcish Mines.
  8370 | D:9      | Found a sparkling altar of Nemelex Xobeh.
  8469 | D:9      | Received a gift from Okawaru
  8473 | D:9      | Reached XP level 11. HP: 67/71 MP: 17/17
  8479 | D:9      | Reached skill level 1 in Polearms
  9138 | D:9      | Identified a scroll of acquirement
  9138 | D:9      | Acquired the +4 hat "Daquok" {Will++ Regen+}
  9217 | D:10     | Entered Level 10 of the Dungeon
  9589 | D:10     | Found a shimmering blue altar of Sif Muna.
  9649 | D:10     | Reached skill level 5 in Polearms
 10053 | D:11     | Received a gift from Okawaru
 10319 | D:11     | Found a staircase to the Lair.
 10347 | D:11     | Noticed a two-headed ogre
 10367 | D:11     | Killed a two-headed ogre
 10460 | D:11     | Reached ****** piety under Okawaru
 10522 | D:11     | Reached XP level 12. HP: 76/76 MP: 18/18
 10555 | D:11     | Identified the +8 rapier of the Toadstool {flame, rF+}
 10661 | D:11     | Noticed a two-headed ogre
 10669 | D:11     | Killed a two-headed ogre
 10669 | D:11     | Identified the +7 tower shield of Xoula {Int+4 SInv Stlth+}
                  | (Okawaru gifted it to you on level 11 of the Dungeon)
 10669 | D:11     | Received a gift from Okawaru
 10976 | D:11     | Reached skill level 10 in Polearms
 11071 | D:12     | Found Ypnekic's Armour Shop.
 11143 | D:12     | Noticed a boulder beetle
 11155 | D:12     | Killed a boulder beetle
 11168 | D:12     | Noticed a two-headed ogre
 11176 | D:12     | Killed a two-headed ogre
 11248 | D:12     | Noticed a six-headed hydra
 11260 | D:12     | Killed a six-headed hydra
 11406 | D:12     | Found the +3 giant club "Skullcrusher" {speed, Str+7}
 11442 | D:12     | Reached XP level 13. HP: 78/80 MP: 19/19
 11450 | D:12     | Identified the +5 halberd of Propriety {drain, rPois}
                  | (Okawaru gifted it to you on level 12 of the Dungeon)
 11450 | D:12     | Received a gift from Okawaru
 11691 | Lair:1   | Entered Level 1 of the Lair of Beasts
 11803 | Lair:1   | Noticed Grum
 11835 | Lair:1   | Killed Grum
 12048 | Lair:1   | You fall into a shaft and drop 1 floor!
 12517 | Lair:1   | Got the Almanac of the Hierophant
 12846 | Lair:2   | Received a gift from Okawaru
 12847 | Lair:2   | Reached skill level 10 in Invocations
 12900 | Lair:2   | Found a transporter.
 12903 | Lair:2   | Found a transporter.
 13039 | Lair:2   | Noticed Inaletwe's ghost (journeyman TrMo)
 13188 | Lair:2   | Found a staircase to the Shoals.
 13294 | Lair:2   | Killed Inaletwe's ghost
 14036 | Lair:3   | Found a hole to the Spider Nest.
 14050 | Lair:3   | Received a gift from Okawaru
 14105 | Lair:3   | Noticed Gastronok
 14132 | Lair:3   | Killed Gastronok
 14311 | Lair:3   | Gained mutation: Your large and strong wings let you fly.
                  | [Gargoyle growth]
 14311 | Lair:3   | Reached XP level 14. HP: 86/86 MP: 23/23
 14812 | Lair:4   | Found a runed translucent door.
 14812 | Lair:4   | Found a shimmering altar of Xom.
 14812 | Lair:4   | Noticed DocClef's ghost (journeyman GnIE)
 15046 | Lair:4   | Noticed Snorg
 15058 | Lair:4   | Killed Snorg
 15119 | Lair:4   | Identified the +0 chain mail of Shadows and Fog {rN+ rCorr
                  | Slay+3 Stlth+} (Okawaru gifted it to you on level 4 of the
                  | Lair of Beasts)
 15119 | Lair:4   | Received a gift from Okawaru
 15300 | Lair:4   | Reached skill level 1 in Stealth
 15362 | Lair:4   | Reached skill level 1 in Dodging
 15927 | Lair:5   | Reached skill level 5 in Dodging
 16073 | Lair:5   | Found a staircase to the Slime Pits.
 16564 | Lair:6   | Entered Level 6 of the Lair of Beasts
 16623 | Lair:6   | Identified the +0 scale mail of Depression {Harm rPois rN+}
                  | (Okawaru gifted it to you on level 6 of the Lair of Beasts)
 16623 | Lair:6   | Received a gift from Okawaru
 16791 | Lair:6   | Reached XP level 15. HP: 88/90 MP: 25/25
 16882 | Lair:6   | Reached skill level 10 in Shields
 16976 | Lair:6   | Found a dark tunnel.
 17062 | Volcano  | Entered a volcano
 17193 | Volcano  | Found a radiant altar of Vehumet.
 17779 | Lair:6   | Identified the +0 ring mail "Ufaruxt" {*Corrode rN+ Int+3}
                  | (Okawaru gifted it to you on level 6 of the Lair of Beasts)
 17779 | Lair:6   | Received a gift from Okawaru
 18692 | Orc:1    | Entered Level 1 of the Orcish Mines
 18814 | Orc:1    | Noticed an orc warlord
 18841 | Orc:1    | Killed an orc warlord
 18882 | Orc:1    | Reached skill level 15 in Shields
 19012 | Orc:1    | Noticed Josephine
 19018 | Orc:1    | Reached XP level 16. HP: 96/96 MP: 26/26
 19029 | Orc:1    | Killed Josephine
 19029 | Orc:1    | Received a gift from Okawaru
 19157 | Orc:2    | Entered Level 2 of the Orcish Mines
 19157 | Orc:2    | Found Oqefyi's Book Boutique.
 19247 | Orc:2    | Found a shimmering altar of Xom.
 19596 | Orc:2    | Found Ifrysebe's Book Shoppe.
 19765 | Orc:2    | Found a staircase to the Elven Halls.
 19811 | Orc:2    | Noticed Azrael
 19829 | Orc:2    | Killed Azrael
 19972 | Orc:2    | Received a gift from Okawaru
 20051 | Orc:2    | Found Heov's Antique Weapon Shop.
 20051 | Orc:2    | Found Xaemu's Distillery.
 20073 | Orc:2    | Found Izoblourua's Assorted Antiques.
 20080 | Orc:2    | Bought a scroll of brand weapon for 480 gold pieces
 20080 | Orc:2    | Found Jishuc's Weapon Emporium.
 20101 | Orc:2    | Bought a scroll of enchant armour for 180 gold pieces
 20101 | Orc:2    | Bought a scroll of identify for 48 gold pieces
 20166 | Orc:2    | Found Ytatuyggi's General Store.
 20174 | Orc:2    | Bought a scroll of identify for 34 gold pieces
 20174 | Orc:2    | Bought a scroll of enchant weapon for 127 gold pieces
 20174 | Orc:2    | Bought a scroll of enchant weapon for 127 gold pieces
 20174 | Orc:2    | Bought a scroll of identify for 34 gold pieces
 20640 | D:13     | Identified the +7 war axe of the Chickpea {spect, *Rage
                  | rElec rCorr Str+4}
 20654 | D:13     | Identified the +8 dagger "Tormentor" {venom, rPois rC+
                  | Dex+3}
 21046 | D:14     | Found a glowing golden altar of the Shining One.
 21520 | D:14     | Found a gate to the Vaults.
 21657 | D:14     | Found Sailedo's Antique Weapon Shop.
 21714 | D:15     | Entered Level 15 of the Dungeon
 21811 | D:15     | Found a staircase to the Depths.
 22253 | D:15     | Identified the +3 spear of Vetunnas {vorpal, Dex+3}
                  | (Okawaru gifted it to you on level 15 of the Dungeon)
 22253 | D:15     | Received a gift from Okawaru
 22384 | D:15     | Reached XP level 17. HP: 96/100 MP: 27/27
 22847 | Shoals:1 | Entered Level 1 of the Shoals
 22918 | Shoals:1 | Reached skill level 10 in Fighting
 22970 | Shoals:1 | Received a gift from Okawaru
 23884 | Shoals:2 | Received a gift from Okawaru
 23965 | Shoals:2 | Noticed a kraken
 23985 | Shoals:2 | Killed a kraken
 24307 | Arena    | Entered the Arena
 25194 | Shoals:3 | Noticed Donald
 25216 | Shoals:3 | Killed Donald
 25609 | Shoals:3 | Found Wecaacy's General Store.
 25617 | Shoals:3 | Bought a scroll of identify for 26 gold pieces
 25617 | Shoals:3 | Acquired a manual of Polearms
 25644 | Shoals:4 | Entered Level 4 of the Shoals
 25697 | Shoals:4 | Reached XP level 18. HP: 118/118 MP: 28/28
 25703 | Shoals:4 | Reached skill level 15 in Fighting
 25921 | Shoals:4 | Identified the +0 plate armour of the Barnacle {rPois}
                  | (Okawaru gifted it to you on level 4 of the Shoals)
 25921 | Shoals:4 | Received a gift from Okawaru
 26703 | Shoals:4 | Got a barnacled rune of Zot
 26992 | Spider:1 | Entered Level 1 of the Spider Nest
 27152 | Spider:1 | Noticed Mlioglotl
 27156 | Arena    | Entered the Arena
 27166 | Arena    | Killed Mlioglotl
 27337 | Spider:1 | Reached skill level 1 in Throwing
 27429 | Spider:1 | Identified the +5 ring mail "Uta Kon" {Stlth+} (Okawaru
                  | gifted it to you on level 1 of the Spider Nest)
 27429 | Spider:1 | Received a gift from Okawaru
 29293 | Spider:2 | Reached skill level 5 in Throwing
 29935 | Spider:3 | Noticed Agnes
 29944 | Spider:3 | Killed Agnes
 30093 | Spider:3 | Reached XP level 19. HP: 126/128 MP: 29/29
 30592 | Spider:3 | Received a gift from Okawaru
 30703 | Spider:3 | Noticed Arachne
 30721 | Spider:3 | Killed Arachne
 31116 | Spider:4 | Entered Level 4 of the Spider Nest
 31421 | Spider:3 | Reached skill level 10 in Throwing
 31814 | Spider:4 | Received a gift from Okawaru
 31922 | Spider:4 | Received a gift from Okawaru
 32123 | Arena    | Entered the Arena
 32174 | Spider:4 | HP: 4/128 [meliai/divine providence (11)]
 32181 | Arena    | Entered the Arena
 32205 | Arena    | Entered the Arena
 32260 | Spider:4 | Got a gossamer rune of Zot
 33045 | Elf:1    | Entered Level 1 of the Elven Halls
 33309 | Elf:1    | Got the Incunabulum of Combat Magic
 33339 | Elf:1    | Reached XP level 20. HP: 116/135 MP: 23/30
 33612 | Elf:1    | Noticed Asterion
 33627 | Elf:1    | Killed Asterion
 33689 | Elf:1    | Reached skill level 15 in Polearms
 34163 | Elf:2    | Found Mihopse's Weapon Shop.
 34225 | Elf:2    | Received a gift from Okawaru
 34245 | Elf:2    | Found a frozen archway.
 34259 | IceCv    | Entered an ice cave
 34768 | IceCv    | Received a gift from Okawaru
 35227 | IceCv    | Identified the ring "Varphimm" {MP+9 AC+4 Int-5 Dex+2}
 35259 | IceCv    | Noticed a shard shrike
 35266 | IceCv    | Killed a shard shrike
 35380 | IceCv    | Got the Collected Works on Mutagenic Sinister Magic
 35832 | Elf:2    | Received a gift from Okawaru
 36215 | Elf:2    | Found a huge runed translucent gate.
 36215 | Elf:2    | Found a huge runed translucent gate.
 36215 | Elf:2    | Found a huge runed translucent gate.
 36215 | Elf:2    | Found a huge runed translucent gate.
 36215 | Elf:2    | Found a huge runed translucent gate.
 36330 | Elf:2    | Identified the +2 ring mail "Cusecwos" {Slay+2}
 36869 | Elf:2    | Received a gift from Okawaru
 37001 | Elf:3    | Entered Level 3 of the Elven Halls
 37090 | Elf:3    | Paralysed by an air elemental for 1 turns
 37096 | Elf:3    | Reached XP level 21. HP: 132/140 MP: 31/31
 37099 | Elf:3    | Paralysed by an air elemental for 1 turns
 37307 | Arena    | Entered the Arena
 37324 | Arena    | Entered the Arena
 37823 | Elf:3    | Identified the +6 whip of Zyskasum {distort, rF+++ Str-4
                  | Stlth+}
 37839 | Elf:3    | Identified the ring of Pride {rF+ rCorr EV+4}
 38075 | Elf:3    | Identified the +8 plate armour of Greater Demons {*Corrode
                  | rC+ rN+++ SInv} (Okawaru gifted it to you on level 3 of the
                  | Elven Halls)
 38075 | Elf:3    | Received a gift from Okawaru
 38175 | Elf:3    | Identified the +9 dagger "Xuatib" {elec, rPois rN+ Str+4}
 38263 | Elf:3    | Identified the +7 long sword "Qomme" {drain, rC+ rN+ Will+}
 38266 | Elf:3    | Identified the ring "Xezxoum" {*Corrode rElec rN++ Will+
                  | MP+9}
 38325 | Elf:3    | Noticed Mara
 38346 | Elf:3    | Noticed MiltankisOP's illusion
 38351 | Elf:3    | Noticed MiltankisOP's illusion
 38377 | Elf:3    | Killed Mara
 38878 | Elf:3    | Paralysed by an air elemental for 1 turns
 38958 | Elf:3    | Found Qiunweka's Magic Scroll Shop.
 38961 | Elf:3    | Bought a scroll of blinking for 127 gold pieces
 39230 | Depths:1 | Entered Level 1 of the Depths
 39230 | Depths:1 | Found a one-way gate to the infinite horrors of the Abyss.
 39635 | Depths:1 | Found a gateway to Hell.
 39642 | Depths:1 | Identified the +6 chain mail of Gallantry {+Inv}
 39918 | Depths:1 | Found a one-way gate leading to the halls of Pandemonium.
 39946 | Depths:1 | Reached skill level 1 in Evocations
 40228 | Depths:1 | Reached XP level 22. HP: 143/145 MP: 32/32
 40449 | Depths:1 | Received a gift from Okawaru
 40828 | Depths:1 | Reached skill level 5 in Evocations
 41068 | Depths:2 | Identified the +6 war axe of the Onslaught {vorpal, Will-
                  | Str+8}
 41396 | Depths:2 | Found a one-way gateway to a ziggurat.
 41844 | Depths:2 | Found a shimmering altar of Xom.
 41845 | Depths:2 | Found a sparkling altar of Nemelex Xobeh.
 41846 | Depths:2 | Found a burning altar of Makhleb.
 41846 | Depths:2 | Found a snail-covered altar of Cheibriados.
 42067 | Depths:2 | Paralysed by a floating eye for 2 turns
 42322 | Depths:2 | Identified the +4 ring mail "Ema Mage" {rPois rF+++ Dex-2
                  | SInv}
 42342 | Depths:2 | Noticed a caustic shrike
 42353 | Depths:2 | Killed a caustic shrike
 42779 | Depths:2 | Identified the +5 ring mail "Nont" {Dex+2}
 43037 | Depths:3 | Paralysed by a floating eye for 2 turns
 43046 | Depths:3 | Received a gift from Okawaru
 43046 | Depths:3 | Found the +3 pair of seven-league boots {Rampage+∞}
 43137 | Depths:3 | Reached skill level 10 in Evocations
 43538 | Depths:3 | Paralysed by a floating eye for 3 turns
 43640 | Depths:3 | Noticed Margery
 43678 | Arena    | Entered the Arena
 43690 | Arena    | Killed Margery
 43934 | Depths:3 | Noticed a golden dragon
 43963 | Depths:3 | Killed a golden dragon
 44314 | Depths:3 | Reached XP level 23. HP: 97/150 MP: 30/33
 44463 | Depths:3 | Identified the ring "Boh Gahy" {rC++ rN+}
 44484 | Depths:3 | Found a transporter.
 44484 | Depths:3 | Noticed a caustic shrike
 44493 | Depths:3 | Killed a caustic shrike
 44725 | Depths:3 | Found a transporter.
 44729 | Depths:3 | Identified the ring of Happiness {Str+3 Int+6}
 44741 | Depths:3 | Noticed a golden dragon
 44751 | Depths:3 | Killed a golden dragon
 44752 | Depths:3 | Reached skill level 10 in Dodging
 44953 | Depths:3 | Noticed a juggernaut
 44975 | Depths:3 | Killed a juggernaut
 44981 | Depths:3 | Identified the +10 eveningstar of Okawaru's Benevolence
                  | {vorpal, rF- Will++ Int+7} (Okawaru gifted it to you on
                  | level 3 of the Depths)
 44981 | Depths:3 | Received a gift from Okawaru
 45198 | Depths:3 | Identified the ring "Mesiwn" {rCorr Int+6}
 45879 | Depths:4 | Entered Level 4 of the Depths
 45886 | Depths:4 | Noticed Mennas
 45934 | Depths:4 | Killed Mennas
 46103 | Depths:4 | Found Otureomn's Jewellery Shop.
 46264 | Depths:4 | Received a gift from Okawaru
 46991 | Depths:4 | Received a gift from Okawaru
 47289 | Depths:4 | Found a gate to the Realm of Zot.
 47937 | Depths:4 | Found a portal to a secret trove of treasure.
 48134 | Depths:4 | You paid a toll of +4 fire dragon scales to enter a
                  | treasure trove
 48135 | Trove    | Entered a treasure trove
 48847 | Slime:1  | Entered Level 1 of the Pits of Slime
 48967 | Slime:1  | Received a gift from Okawaru
 48970 | Slime:1  | Gained mutation: You are occasionally teleported next to
                  | monsters. [a shining eye]
 49749 | Slime:2  | Reached XP level 24. HP: 152/156 MP: 24/33
 50571 | Slime:3  | Gained mutation: You expend magic power (3 MP) to
                  | strengthen your wands. [a shining eye]
 50573 | Slime:3  | Gained mutation: You have hidden genetic defects. [a
                  | shining eye]
 50578 | Slime:3  | Received a gift from Okawaru
 51433 | Slime:3  | Found a viscous altar of Jiyva.
 51473 | Slime:3  | Fell from the grace of Okawaru
 51473 | Slime:3  | Became a worshipper of Jiyva Jizamaru the Shapeless
 51572 | Slime:5  | Entered Level 5 of the Pits of Slime
 51592 | Slime:5  | Found a viscous altar of Jiyva.
 51595 | Slime:5  | Found the +8 frozen axe "Frostbite" {freezing cloud, *Noise
                  | Fly rC+}
 51974 | Vaults:1 | Entered Level 1 of the Vaults
 51974 | Vaults:1 | Found Wago's Armour Shop.
 53098 | Vaults:1 | Reached * piety under Jiyva
 53564 | Vaults:1 | Reached skill level 15 in Dodging
 53657 | Vaults:1 | Reached ** piety under Jiyva
 53931 | Vaults:1 | Gained mutation: You are weak. (Str -2) [hidden defects]
 54780 | Vaults:2 | Reached *** piety under Jiyva
 54797 | Vaults:2 | Lost mutation: You have hidden genetic defects. [Jiyva's
                  | grace]
 54797 | Vaults:2 | Gained mutation: You have a small jelly attached to you
                  | that senses nearby items. [Jiyva's grace]
 54797 | Vaults:2 | Gained mutation: Your rubbery body absorbs attacks. (AC +1,
                  | EV +1) [Jiyva's grace]
 54797 | Vaults:2 | Gained mutation: Your pliable body absorbs attacks. (AC +2,
                  | EV +2) [Jiyva's grace]
 54797 | Vaults:2 | Gained mutation: Your gelatinous body deflects attacks. (AC
                  | +3, EV +3) [Jiyva's grace]
 54825 | Vaults:2 | Found a runed translucent door.
 54827 | Vaults:2 | Noticed cbfl8's ghost (adept MiBe)
 54965 | Vaults:2 | Reached **** piety under Jiyva
 55320 | Vaults:2 | Noticed Bai Suzhen
 55340 | Vaults:2 | Killed Bai Suzhen
 55576 | Vaults:2 | Lost mutation: You have a small jelly attached to you that
                  | senses nearby items. [potion of mutation]
 55576 | Vaults:2 | Lost mutation: Your gelatinous body deflects attacks. (AC
                  | +3, EV +3) [potion of mutation]
 55576 | Vaults:2 | Gained mutation: Your body sometimes deteriorates upon
                  | taking damage. [potion of mutation]
 55577 | Vaults:2 | Lost mutation: You expend magic power (3 MP) to strengthen
                  | your wands. [potion of mutation]
 55577 | Vaults:2 | Lost mutation: Your body sometimes deteriorates upon taking
                  | damage. [potion of mutation]
 55577 | Vaults:2 | Lost mutation: You are weak. (Str -2) [potion of mutation]
 55577 | Vaults:2 | Lost mutation: You are occasionally teleported next to
                  | monsters. [potion of mutation]
 55577 | Vaults:2 | Gained mutation: You are clumsy. (Dex -2) [potion of
                  | mutation]
 55577 | Vaults:2 | Gained mutation: Your muscles are strong. (Str +2) [potion
                  | of mutation]
 55719 | Vaults:2 | Killed cbfl8's ghost
 55738 | Vaults:2 | Got the Reference Book on the Mountains
 56242 | Vaults:3 | Noticed Boris
 56263 | Vaults:3 | Killed Boris
 56468 | Vaults:3 | Noticed Saint Roka
 56476 | Vaults:3 | Reached XP level 25. HP: 155/166 MP: 0/33
 56499 | Vaults:3 | Killed Saint Roka
 56639 | Vaults:3 | Found a staircase to the Crypt.
 56756 | Vaults:3 | Identified the +5 halberd "Leviticus" {speed, Dex+4}
 56756 | Vaults:3 | Noticed Aizul
 56781 | Vaults:3 | Killed Aizul
 57170 | Vaults:3 | Lost mutation: Your muscles are strong. (Str +2) [Jiyva's
                  | grace]
 57170 | Vaults:3 | Gained mutation: You possess an exceptional clarity of
                  | mind. [Jiyva's grace]
 57170 | Vaults:3 | Gained mutation: You are robust. (+10% HP) [Jiyva's grace]
 57170 | Vaults:3 | Gained mutation: You are very robust. (+20% HP) [Jiyva's
                  | grace]
 57170 | Vaults:3 | Gained mutation: You are extremely robust. (+30% HP)
                  | [Jiyva's grace]
 57195 | Vaults:3 | Reached ***** piety under Jiyva
 59055 | Vaults:4 | Lost mutation: You possess an exceptional clarity of mind.
                  | [Jiyva's grace]
 59055 | Vaults:4 | Gained mutation: You have sharp toenails. [Jiyva's grace]
 59055 | Vaults:4 | Gained mutation: You have razor-sharp toenails. [Jiyva's
                  | grace]
 59055 | Vaults:4 | Gained mutation: You have claws for feet. [Jiyva's grace]
 59055 | Vaults:4 | Gained mutation: You have a beak for a mouth. [Jiyva's
                  | grace]
 59692 | Depths:3 | Voluntarily entered the Abyss.
 59693 | Abyss:1  | Found a corrupted altar of Lugonu.
 59985 | Abyss:1  | Was forgiven by Okawaru
 60567 | Abyss:2  | Found a corrupted altar of Lugonu.
 60804 | Abyss:3  | Reached XP level 26. HP: 232/232 MP: 24/26
 60804 | Abyss:3  | Reached XP level 27. HP: 239/239 MP: 24/26
 60804 | Abyss:3  | Got an abyssal rune of Zot
 60842 | Depths:3 | Escaped the Abyss
 60917 | Zot:1    | Entered Level 1 of the Realm of Zot
 61091 | Zot:1    | Found the ring of the Mage {Wiz Archmagi}
 61579 | Zot:1    | Reached ****** piety under Jiyva
 62192 | Zot:2    | Reached skill level 15 in Armour
 63155 | Zot:2    | Lost mutation: You have a beak for a mouth. [Jiyva's grace]
 63155 | Zot:2    | Lost mutation: You have claws for feet. [Jiyva's grace]
 63155 | Zot:2    | Lost mutation: You are clumsy. (Dex -2) [Jiyva's grace]
 63155 | Zot:2    | Lost mutation: You are extremely robust. (+30% HP) [Jiyva's
                  | grace]
 63155 | Zot:2    | Lost mutation: Your pliable body absorbs attacks. (AC +2,
                  | EV +2) [Jiyva's grace]
 63155 | Zot:2    | Gained mutation: You are agile. (Dex +2) [Jiyva's grace]
 63155 | Zot:2    | Gained mutation: You are very agile. (Dex +4) [Jiyva's
                  | grace]
 63155 | Zot:2    | Gained mutation: Your melee attacks may engulf your foes in
                  | ooze. [Jiyva's grace]
 63155 | Zot:2    | Gained mutation: You are covered in fur. (AC +1) [Jiyva's
                  | grace]
 63667 | Zot:3    | Noticed an orb of fire
 63676 | Zot:3    | Gained mutation: You do not regenerate when monsters are
                  | visible. [an orb of fire]
 63679 | Zot:3    | Gained mutation: You have hidden genetic defects. [an orb
                  | of fire]
 63684 | Zot:3    | Lost mutation: You are very agile. (Dex +4) [an orb of
                  | fire]
 63696 | Zot:3    | Gained mutation: You are weak. (Str -2) [an orb of fire]
 63698 | Zot:3    | Killed an orb of fire
 64505 | Zot:3    | Lost mutation: You are covered in fur. (AC +1) [potion of
                  | mutation]
 64505 | Zot:3    | Lost mutation: You have razor-sharp toenails. [potion of
                  | mutation]
 64505 | Zot:3    | Lost mutation: You do not regenerate when monsters are
                  | visible. [potion of mutation]
 64505 | Zot:3    | Gained mutation: You sometimes lose the ability to read
                  | scrolls when taking damage. [potion of mutation]
 64505 | Zot:3    | Lost mutation: You have hidden genetic defects. [potion of
                  | mutation]
 64506 | Zot:3    | Lost mutation: You sometimes lose the ability to read
                  | scrolls when taking damage. [potion of mutation]
 64506 | Zot:3    | Lost mutation: You are weak. (Str -2) [potion of mutation]
 64506 | Zot:3    | Gained mutation: Armour fits poorly on your strangely
                  | shaped body. [potion of mutation]
 64506 | Zot:3    | Gained mutation: You are dopey. (Int -2) [potion of
                  | mutation]
 64506 | Zot:3    | Gained mutation: You are very agile. (Dex +4) [potion of
                  | mutation]
 65184 | Zot:5    | Entered Level 5 of the Realm of Zot
 65315 | Zot:5    | Noticed a dread lich
 65325 | Zot:5    | Noticed an ancient lich
 65336 | Zot:5    | Killed a dread lich
 65358 | Zot:5    | Killed an ancient lich
 65469 | Zot:5    | Noticed an orb of fire
 65470 | Zot:5    | Gained mutation: You do not regenerate when monsters are
                  | visible. [an orb of fire]
 65479 | Zot:5    | Noticed a dread lich
 65486 | Zot:5    | Gained mutation: You tend to lose your temper in combat.
                  | [an orb of fire]
 65506 | Zot:5    | Gained mutation: You sometimes lose the ability to read
                  | scrolls when taking damage. [an orb of fire]
 65510 | Zot:5    | Gained mutation: You have razor-sharp toenails. [an orb of
                  | fire]
 65512 | Zot:5    | Killed an orb of fire
 65527 | Zot:5    | Killed a dread lich
 65888 | Zot:5    | Noticed an ancient lich
 65890 | Zot:5    | Killed an ancient lich
 65891 | Zot:5    | Lost mutation: You are dopey. (Int -2) [Jiyva's grace]
 65891 | Zot:5    | Lost mutation: You have razor-sharp toenails. [Jiyva's
                  | grace]
 65891 | Zot:5    | Lost mutation: You have sharp toenails. [Jiyva's grace]
 65891 | Zot:5    | Gained mutation: You have large cloven feet. [Jiyva's
                  | grace]
 65891 | Zot:5    | Gained mutation: You have hoof-like feet. [Jiyva's grace]
 65891 | Zot:5    | Gained mutation: You have hooves in place of feet. [Jiyva's
                  | grace]
 65891 | Zot:5    | Gained mutation: You have a small jelly attached to you
                  | that may absorb projectiles. [Jiyva's grace]
 65892 | Zot:5    | Noticed a dread lich
 65910 | Zot:5    | Killed a dread lich
 65956 | Zot:5    | Noticed an ancient lich
 65961 | Zot:5    | Noticed an orb of fire
 65969 | Zot:5    | Killed an ancient lich
 65976 | Zot:5    | Gained mutation: Your spells are a little easier to cast,
                  | but a little less powerful. [an orb of fire]
 65978 | Zot:5    | Gained mutation: Your body sometimes deteriorates upon
                  | taking damage. [an orb of fire]
 65982 | Zot:5    | Noticed a dread lich
 65983 | Zot:5    | Gained mutation: You often lose your temper in combat. [an
                  | orb of fire]
 65988 | Zot:5    | Killed an orb of fire
 66018 | Zot:5    | Killed a dread lich
 66196 | Zot:5    | Noticed an ancient lich
 66198 | Zot:5    | Noticed a dread lich
 66201 | Zot:5    | Killed an ancient lich
 66208 | Zot:5    | Killed a dread lich
 66280 | Zot:5    | Noticed an orb of fire
 66282 | Zot:5    | Gained mutation: You are weak. (Str -2) [an orb of fire]
 66295 | Zot:5    | Killed an orb of fire
 66298 | Zot:5    | Noticed an orb of fire
 66302 | Zot:5    | Noticed a dread lich
 66322 | Zot:5    | Killed an orb of fire
 66329 | Zot:5    | Killed a dread lich
 66526 | Zot:5    | Lost mutation: You do not regenerate when monsters are
                  | visible. [potion of mutation]
 66526 | Zot:5    | Lost mutation: Your rubbery body absorbs attacks. (AC +1,
                  | EV +1) [potion of mutation]
 66526 | Zot:5    | Lost mutation: You often lose your temper in combat.
                  | [potion of mutation]
 66526 | Zot:5    | Lost mutation: You have hooves in place of feet. [potion of
                  | mutation]
 66526 | Zot:5    | Gained mutation: Your body often deteriorates upon taking
                  | damage. [potion of mutation]
 66526 | Zot:5    | Gained mutation: Your mind is acute. (Int +2) [potion of
                  | mutation]
 66527 | Zot:5    | Lost mutation: You have a small jelly attached to you that
                  | may absorb projectiles. [potion of mutation]
 66527 | Zot:5    | Lost mutation: Armour fits poorly on your strangely shaped
                  | body. [potion of mutation]
 66527 | Zot:5    | Lost mutation: You tend to lose your temper in combat.
                  | [potion of mutation]
 66527 | Zot:5    | Gained mutation: You expend magic power (3 MP) to
                  | strengthen your wands. [potion of mutation]
 66528 | Zot:5    | Lost mutation: You are weak. (Str -2) [potion of mutation]
 66528 | Zot:5    | Lost mutation: You are very robust. (+20% HP) [potion of
                  | mutation]
 66528 | Zot:5    | Gained mutation: Armour fits poorly on your strangely
                  | shaped body. [potion of mutation]
 66528 | Zot:5    | Gained mutation: Your mind is very acute. (Int +4) [potion
                  | of mutation]
 66529 | Zot:5    | Lost mutation: You expend magic power (3 MP) to strengthen
                  | your wands. [potion of mutation]
 66529 | Zot:5    | Lost mutation: You are robust. (+10% HP) [potion of
                  | mutation]
 66529 | Zot:5    | Gained mutation: Your muscles are strong. (Str +2) [potion
                  | of mutation]
 66529 | Zot:5    | Lost mutation: Your muscles are strong. (Str +2) [potion of
                  | mutation]
 66530 | Zot:5    | Lost mutation: You are very agile. (Dex +4) [potion of
                  | mutation]
 66530 | Zot:5    | Lost mutation: You sometimes lose the ability to read
                  | scrolls when taking damage. [potion of mutation]
 66530 | Zot:5    | Lost mutation: You have hoof-like feet. [potion of
                  | mutation]
 66530 | Zot:5    | Gained mutation: You are partially covered in iridescent
                  | scales. (AC +2) [potion of mutation]
 67005 | Crypt:1  | Entered Level 1 of the Crypt
 67201 | Vaults:5 | Entered Level 5 of the Vaults
 67224 | Vaults:5 | Noticed Jory
 67258 | Vaults:5 | Noticed a dread lich
 67324 | Vaults:5 | Noticed an ancient lich
 67324 | Vaults:5 | Noticed an ancient lich
 67331 | Vaults:5 | Killed an ancient lich
 67340 | Vaults:5 | HP: 3/190 [ancient lich/crystal spear (60)]
 67342 | Vaults:5 | Killed from afar by an ancient lich

Illustrated notes

Levels and vault maps discovered:
D:1:      heliophobic_arrival_ceremonial_halls, layout_basic, serial_shops,
          nicolae_shop_hallway_plus, minmay_misc_feat_doors,
          chequers_serial_rivers_micro_b, minmay_door_square
D:2:      layout_basic, basic_altar, minmay_misc_feat_tiny, minivault_26
D:3:      layout_rooms, minmay_pentomino_pile, uniq_robin,
          uniq_crazy_yiuf_cottage
D:4:      layout_basic, mainiacjoe_overflow_boulevard,
          lemuel_coloured_pillars_altar, minmay_temple_entry_slanted,
          saegor_snake_ambush
D:5:      layout_loops_ring, amcnicky_mini_pool_medium, uniq_sigmund
D:6:      layout_loops_ring, uniq_blork_the_orc
D:7:      layout_loops_corners, nicolae_ossuary_entry_false_entrances,
          minmay_alternating_orb, uniq_joseph
D:8:      layout_loops_ring, grunt_dithmenos_smoke_and_mirrors,
          mainiacjoe_overflow_catwalk, uniq_prince_ribbit1
D:9:      layout_roguey, nemelex_spade_bored_becter, david_orc_2, serial_shops,
          nicolae_shop_statue_plus
D:10:     layout_basic, lemuel_blue_sif_altar
D:11:     layout_basic, due_lair_maze_entry_diamond, serial_undead,
          serial_undead_e, serial_undead_c, serial_undead_a, serial_undead_b
D:12:     layout_roguey, serial_shops, shop, minmay_guarded_unrand_skullcrusher
D:13:     layout_rooms
D:14:     layout_roguey, ximxim_vaults_locker_room, tso_metal_star,
          serial_shops, kennysheep_little_box
D:15:     grunt_enter_depths_giant_problem, layout_stronghold,
          hangedman_decor_growths
Temple:   nicolae_temple_x_marks_the_god
Lair:1:   layout_layer_cave, kennysheep_abandoned_house, uniq_grum
Lair:2:   layout_cave_pods, minmay_shoals_entry_lonely_mermaid,
          gammafunk_ghost_hive, roderic_carrion_pond
Lair:3:   layout_loops_ring, spider_nest_entry_funnel_web,
          infiniplex_staircase_pool, uniq_gastronok
Lair:4:   layout_roguey, ebering_ghost_xom, grunt_megastairs_4,
          serial_bayou_shore_b, serial_bayou_shore_b, uniq_snorg
Lair:5:   layout_regular_city, minmay_slime_entry_pillars, serial_bayou_shore_a
Lair:6:   due_jungle_book, layout_loops_ring, nicolae_volcano_entry_hallway,
          nicolae_lair_yak_garden, lemuel_fruit_tree
Shoals:1: layout_shoals, nicolae_shoals_undead_eyrie
Shoals:2: layout_shoals, nicolae_shoals_flooded_hall
Shoals:3: layout_shoals, serial_shops, nicolae_shop_advertising_works
          [nicolae_subvault_shop_adworks], uniq_donald
Shoals:4: shoals_end_grunt_ice, layout_shoals
Spider:1: layout_cave_pods, hellmonk_watch_for_rolling_rocks, uniq_mlioglotl
Spider:2: layout_chambers
Spider:3: spider_temple_joshua, hangedman_spider_tarantella_strand,
          uniq_arachne, uniq_agnes
Spider:4: grunt_spider_rune_parallel, nicolae_spider_swamp_cousins
Slime:1:  layout_caves
Slime:2:  layout_caves
Slime:3:  layout_caves, basic_altar
Slime:4:  layout_caves
Slime:5
Orc:1:    layout_diamond_mine, special_room [special_room_orc], elf_legates,
          uniq_josephine
Orc:2:    st_orc_elflike, layout_caves, serial_shops, nicolae_lakefront_shop,
          shop, shop, basic_altar, nicolae_orc_rockfall, uniq_azrael
Elf:1:    eino_elf_arrival_sip, layout_loops_cross, minmay_elf_annihilation,
          feat_on_display, uniq_asterion
Elf:2:    elven_hall_of_blades_hangedman_alternative [nicolae_blade_bullseye],
          layout_geoelf_grid, portal_ice_cave_entry_ugly_swarm, serial_shops,
          nicolae_shop_behind_doors, billiards_dpeg
Elf:3:    minmay_elf_hall_golems, layout_geoelf_octagon, serial_shops,
          nicolae_shop_behind_doors, minmay_misc_feat_cross, uniq_mara
Vaults:1: v_misc_5, v_rooms_3, v_misc_23, ontoclasm_vaults_decontamination,
          nicolae_vaults_three_branches, layout_vaults_omnigrid, serial_shops,
          nicolae_diamond_shop
Vaults:2: ebering_ghost_reflecting_pool, v_misc_10, vaults_room_grid,
          nicolae_vaults_c_with_doors, nicolae_vaults_twisting_passages,
          hangedman_vaults_hat, vaults_room_pools, nicolae_vaults_alarming,
          vaults_room_hallway, layout_vaults_chaotic_city, uniq_bai_suzhen
Vaults:3: vaults_mumra_hex, kb_rosetta, minmay_crypt_entry_simple_corners,
          ontoclasm_vaults_ligature, nicolae_vaults_hallways_thing, v_pattern_4,
          hangedman_vaults_pinch, hangedman_vaults_corner, vaults_mumra_hexcomb,
          nicolae_vaults_gold_heap, v_rooms_5, layout_vaults_maze_bifur,
          uniq_aizul, uniq_boris, uniq_saint_roka
Vaults:4: v_misc_2, v_rooms_5, nicolae_vaults_network_s, v_misc_31, v_misc_3,
          ontoclasm_vaults_gateway, v_misc_23, ontoclasm_vaults_ring_small,
          v_misc_5, hangedman_vaults_stretched_pinwheel, ontoclasm_vaults_fault,
          layout_vaults_omnicross
Vaults:5: uniq_jory
Crypt:1:  layout_chaotic_city, nicolae_crypt_niches, lemuel_freeze_loot_1,
          grunt_crypt_arrival_guarded_gate
Depths:1: layout_cave_pools, hangedman_glass_teeth, abyss_entry,
          lightli_too_deep, grunt_pan_entry_zigzag, hangedman_decor_points,
          minmay_librarian, serial_bayou_shore_b
Depths:2: minmay_the_grid_octo_2x2 [minmay_the_grid_octo_77,
          minmay_the_grid_octo_shrine, minmay_the_grid_octo_pinwheel,
          minmay_the_grid_octo_prize_square_snowflake], layout_honeycomb,
          enter_ziggurat_e, pan_entry, kennysheep_another_room,
          hangedman_geh_valley
Depths:3: hangedman_spin_cycle, pan_entry, hell_entry, abyss_entry, uniq_margery
Depths:4: evilmike_zot_entry_basic, layout_basic, mu_enter_wizlab_4,
          hellmouth_3, rand_demon_pan_entry_5, grunt_decor_fettered,
          enter_trove_6, grunt_ministairs_8, minmay_shop_star, uniq_mennas
Zot:1:    layout_cathedral_of_symmetry
Zot:2:    lemuel_draconian_sentries, layout_gridlike
Zot:3:    layout_onion_interference, lemuel_lake_of_fire
Zot:4:    layout_basic
Zot:5:    layout_misc_corridors, st_stairs_3

Skill      XL: |  1  2  3  4  5  6  7  8  9 10 11 12 13 14 15 16 17 18 19 20 21 22 23 24 25 26 27 |
---------------+----------------------------------------------------------------------------------+-----
Maces & Flails | 3 4 |  4.7
Fighting       | 4 5 6 9 14 17 19 22 24 | 24.0
Armour         | 6 8 9 11 24 | 24.1
Shields        | 5 8 9 15 19 | 19.5
Invocations    | 9 13 14 | 14.0
Polearms       | 8 12 14 19 22 | 22.0
Stealth        | 2 |  2.0
Dodging        | 8 9 14 16 | 16.3
Throwing       | 6 12 | 12.8
Evocations     | 3 11 | 11.2

Action                   |  1- 3 |  4- 6 |  7- 9 | 10-12 | 13-15 | 16-18 | 19-21 | 22-24 | 25-27 || total
-------------------------+-------+-------+-------+-------+-------+-------+-------+-------+-------++-------
Melee: Flail             |   142 |   106 |       |       |       |       |       |       |       ||   248
       Spear             |       |    16 |   172 |   187 |    64 |    25 |       |       |       ||   464
       Demon trident     |       |       |       |   320 |  1354 |  1815 |  1826 |  2805 |  3054 || 11174
       Kick              |       |       |       |       |       |       |       |       |  1093 ||  1093
       Peck              |       |       |       |       |       |       |       |       |   365 ||   365
Throw: Javelin           |       |       |       |       |       |       |       |    27 |     2 ||    29
Invok: Duel              |       |       |       |       |       |     2 |     5 |     1 |       ||     8
       Heroism           |       |       |       |       |       |     2 |     3 |     2 |       ||     7
       Finesse           |       |       |       |       |       |     1 |     3 |     2 |       ||     6
       Oozemancy         |       |       |       |       |       |       |       |       |     3 ||     3
 Abil: Evoke Invisibilit |       |       |       |       |       |       |       |     1 |       ||     1
Evoke: Wand              |       |       |       |     1 |    12 |       |     4 |       |     2 ||    19
       Tin of tremorston |       |       |       |       |       |       |       |       |     6 ||     6
       Condenser vane    |       |       |       |       |       |       |       |       |     7 ||     7
       Phantom mirror    |       |       |       |       |       |       |       |       |     1 ||     1
  Use: Scroll            |       |     1 |       |    21 |     8 |    12 |     9 |     6 |    11 ||    68
       Potion            |       |       |       |     1 |     1 |     1 |     7 |     5 |    17 ||    32
 Stab: Distracted        |       |       |     2 |       |     1 |       |     2 |     2 |       ||     7
       Sleeping          |       |       |       |     3 |     1 |       |       |       |       ||     4
       Petrified         |       |       |       |       |     2 |       |       |       |       ||     2
       Held in net/web   |       |       |       |       |       |     2 |       |       |       ||     2
       Fleeing           |       |       |       |       |       |       |     3 |       |       ||     3
       Invisible         |       |       |       |       |       |       |       |     4 |       ||     4
       Confused          |       |       |       |       |       |       |       |       |     2 ||     2
Armor: Scale mail        |    72 |    65 |    44 |    47 |       |       |       |       |       ||   228
       Troll leather arm |       |       |       |   161 |    98 |       |       |       |       ||   259
       Chain mail        |       |       |       |       |   278 |   477 |   463 |   583 |   136 ||  1937
       Plate armour      |       |       |       |       |       |       |    70 |       |       ||    70
       Gold dragon scale |       |       |       |       |       |       |       |       |   903 ||   903
Dodge: Dodged            |    65 |    66 |    38 |    93 |   193 |   332 |   289 |   520 |   829 ||  2425
Block: Buckler           |    28 |    20 |    17 |   105 |       |       |       |       |       ||   170
       Reflection        |       |       |       |    13 |     8 |   101 |   104 |    92 |   130 ||   448
       Tower shield      |       |       |       |   179 |  1437 |  2119 |  1800 |  2720 |  3617 || 11872
